Construct Weapon Support Center
M3 Armored Personnel Carrier
Selects Advanced Infantry Battlegroup
Selects Advanced Infantry Battlegroup
Selects Advanced Infantry Battlegroup
M3 Armored Personnel Carrier
Selects Convert to Ranger Squad
Selects Frontline Medical Station
Frontline Medical Station
M4(105) Sherman Bulldozer
M18 Hellcat Tank Destroyer
M18 Hellcat Tank Destroyer
Selects Ammunition Storage
Selects M2A1 105mm Howitzer Emplacement
Selects 155mm Rapid Artillery Barrage
155mm Rapid Artillery Barrage
M18 Hellcat Tank Destroyer
Advanced Air Reconnaissance
Grasshopper High-Altitude Recon Run
M4(105) Sherman Bulldozer
Grasshopper High-Altitude Recon Run
155mm Rapid Artillery Barrage
M18 Hellcat Tank Destroyer